AoeStats
← Mr. Penis

Coastal Forest

503373004Analyzed
4v4 RM · 1mo ago on Aug 31, 2026· 33m 23s· 8 players
Game mode
Random Map
Map size
Large (8 player)
Population
200
Speed
Normal
Resources
Standard
Victory
Conquest
Starting age
Dark Age
Ending age
Imperial Age
RankedLock teamsTeams togetherTeam positionsShared explorationLock speedFull tech treeHidden civsTurbo modeCheats
Victory
Defeat
🇪🇸 Spanish · Spain
1213
+14
🇷🇺 Jurchens · Russia
1212
+14
🇸🇪 Khmer · Sweden
1209
+14
🇨🇳 Turks · China
1142
+17
1318
-21
🇹🇼 Persians · Taiwan
1305
-21
🇹🇼 Vietnamese · Taiwan
1287
-20
🇹🇼 Koreans · Taiwan
767
-3
YAN-WEI
6:35 Loom
9:18 Feudal Age
19:20 Fletching
29:03 Horse Collar
34:49 Castle Age
Pocket civ disappoints and I AFK
8:55 Loom
11:14 Feudal Age
11:34 Double-Bit Axe
11:37 Fishing Lines
17:38 Castle Age
15:59 Fletching
16:34 Scale Barding Armor
18:01 Bloodlines
23:16 Chain Barding Armor
23:50 Gillnets
26:48 Wheelbarrow
26:54 Horse Collar
27:35 Bow Saw
31:26 Fletching
31:45 Gold Mining
A-Rai
0:34 Loom
10:09 Feudal Age
12:13 Fishing Lines
20:33 Castle Age
23:46 Gillnets
23:37 Elite Skirmisher
25:51 Arson
26:07 Squires
28:27 Thumb Ring
30:12 Double-Bit Axe
31:56 Fletching
BKPK
9:40 Feudal Age
11:08 Loom
17:42 Castle Age
18:44 Scale Barding Armor
20:09 Horse Collar
20:23 Double-Bit Axe
21:15 Forging
21:14 Heavy Plow
21:28 Bow Saw
21:10 Gold Mining
22:48 Gold Shaft Mining
23:50 Bloodlines
23:42 Fishing Lines
25:30 Chain Barding Armor
25:52 Iron Casting
25:25 Gillnets
26:22 Husbandry
29:02 Stone Mining
30:52 Wheelbarrow
30:04 Town Watch
30:56 Stone Shaft Mining
31:52 Hand Cart
32:44 Town Patrol
Note1984
7:23 Loom
9:54 Feudal Age
11:23 Double-Bit Axe
13:46 Fletching
13:56 Padded Archer Armor
16:24 Gold Mining
21:44 Bloodlines
21:33 Stone Mining
25:30 Castle Age
24:40 Horse Collar
26:44 Heavy Plow
ikaros
7:44 Loom
10:07 Feudal Age
10:46 Double-Bit Axe
17:48 Scale Barding Armor
19:26 Forging
19:41 Horse Collar
22:13 Castle Age
21:49 Bloodlines
23:46 Husbandry
24:07 Chain Barding Armor
28:37 Scale Mail Armor
28:39 Gold Mining
28:58 Pikeman
-d
7:00 Loom
9:25 Feudal Age
20:06 Castle Age
18:27 Scale Barding Armor
18:17 Double-Bit Axe
19:37 Bloodlines
19:55 Forging
21:18 Chain Barding Armor
22:59 Wheelbarrow
22:36 Bow Saw
29:40 Hand Cart
29:11 Horse Collar
Mr. Penis
10:40 Feudal Age
15:00 Castle Age
12:58 Horse Collar
13:09 Double-Bit Axe
13:30 Loom
19:53 Bow Saw
21:14 Fervor
21:58 Sanctity
29:28 Wheelbarrow
28:38 Town Watch
29:32 Gold Mining
32:50 Siege Engineers
33:53 Hand Cart
33:38 Town Patrol
Connection lost

Rejoining the realm…

Still unreachable

The connection could not be restored.

Session expired

The server has moved on; the page needs a fresh start.